 Dungeon Crawl Stone Soup version 0.30-a0-870-gc5d4c5acee (webtiles) character file.

Game seed: 5666877916071369945

403 LobsterGuardian the Magician (level 6, -3/42 HPs)
             Began as a Demonspawn Venom Mage on Mar 11, 2023.
             Killed by divine providence
             ... invoked by an orc priest
              (15 damage)
             ... on level 5 of the Dungeon.
             The game lasted 00:19:33 (4030 turns).

LobsterGuardian the Magician (DsVM)                 Turns: 4030, Time: 00:19:33

Health: -3/42      AC:  4    Str:  8    XL:     6   Next: 55%
Magic:  11/13      EV: 11    Int: 19    God:
Gold:   205        SH:  0    Dex: 13    Spells: 1/14 levels left

rFire   . . .      SeeInvis .    j - +1 dagger (elec)
rCold   . . .      Faith    .    (no shield)
rNeg    . . .      Spirit   .    k - +1 leather armour
rPois   .          Reflect  .    (helmet restricted)
rElec   .          Rampage  .    (no cloak)
rCorr   .                        (no gloves)
Will    .....                    (no boots)
Stlth   ++                       (no amulet)
HPRegen 0.27/turn                (no ring)
MPRegen 0.13/turn                (no ring)

@: no status effects
A: antennae 1, foul stench 1
a: no special abilities


You were on level 5 of the Dungeon.
You visited 1 branch of the dungeon, and saw 6 of its levels.

You collected 205 gold pieces.

Inventory:

Hand Weapons
 j - a +1 dagger of electrocution (weapon)
Armour
 a - a +0 robe
 k - a +1 leather armour (worn)
Wands
 o - a wand of polymorph (10)
Scrolls
 e - 2 scrolls of enchant weapon
 f - a scroll of summoning
 g - a scroll of immolation
 i - a scroll of amnesia
 l - a scroll of blinking
 n - a scroll of noise
Potions
 b - a potion of magic
 c - a potion of ambrosia
 d - a potion of lignification
 h - 2 potions of invisibility {unknown}
 m - a potion of might


   Skills:
 + Level 0.8 Fighting
 + Level 0.7 Short Blades
 + Level 0.1 Armour
 + Level 2.2 Dodging
 - Level 1.7 Stealth
 * Level 4.8 Spellcasting
 + Level 2.5 Transmutations
 + Level 0.2 Air Magic
 + Level 4.2 Poison Magic


You had one spell level left.
You knew the following spells:

 Your Spells              Type           Power      Damage    Failure   Level
a - Sting                 Tmut/Pois      68%        1d6       4%          1
b - Poisonous Vapours     Pois/Air       26%        N/A       11%         2
c - Mephitic Cloud        Conj/Pois/Air  10%        N/A       30%         3
d - Olgreb's Toxic Radia  Pois           20%        N/A       32%         4
e - Spider Form           Tmut/Pois      17%        N/A       14%         3

Your spell library contained the following spells:

 Spells                   Type           Power      Damage    Failure   Level
 Beastly Appendage        Tmut           28%        N/A       7%          1
 Wereblood                Tmut           14%        N/A       10%         2


Dungeon Overview and Level Annotations

Branches:
Dungeon (6/15)
 Temple: D:4-7

Altars:


Innate Abilities, Weirdness & Mutations

You have a pair of small antennae on your head.
You may rarely emit foul miasma when damaged in melee.


Message History

h - a scroll labelled OLOLEP IKHU
As you read the scroll labelled OLOLEP IKHU, it crumbles to dust.
It is a scroll of enchant armour.
Your +0 leather armour glows green for a moment.
You feel your willpower return.
HP restored.
Magic restored.
h - a yellow potion
Found two stone staircases leading down.
n - a scroll labelled LASHOM CEYTAHI You hear the brisk rusting of a drain nearby.
Found a yellow potion.
h - 2 yellow potions (gained 1)
p - a scroll of identify
p - 2 scrolls of identify (gained 1)
As you read the scroll of identify, it crumbles to dust.
n - a scroll of noise
As you read the scroll of identify, it crumbles to dust.
c - a potion of ambrosia An iguana comes into view.
An orc comes into view. It is wielding a +0 falchion.
Found a club.
The iguana hisses angrily.
An orc priest comes into view. It is wielding a +0 mace.
The orc moves out of view.
The orc shouts!
The sting hits the iguana but does no damage.
The iguana is poisoned.
The orc priest shouts!
An orc comes into view. It is wielding a +0 club.
The sting hits the iguana but does no damage.
The iguana looks even sicker.
An orc wizard comes into view.
It is wielding a +0 dagger of holy wrath.
The iguana bites you! The iguana bites you!
The iguana attacks as you move away! The iguana bites you.
* * * LOW HITPOINT WARNING * * *
The orc priest invokes the aid of Beogh against you.
Beogh smites you!
You die...

#. .## # .#..# ## ..#.# .
. ...# . .### #..# .#
....# #..###.# #
.....###.l....### ##
#?........oo.o. .##
####.@#.....o## ..#
##.....##..) ..#########
##.#.....#.
..........#######.#..##...
.###.................# ##
## #......##.##..##...#
..........#.....## ##.#
###.>........#.## ...
##......####.# ...#


You could see an iguana (very poisoned), an orc priest and an orc.

Vanquished Creatures
  A phantom (D:5)
  A howler monkey (D:4)
  A hound (D:6)
  A jelly (D:6)
  A sleepcap (D:6)
  2 orc wizards (D:3)
  2 adders
  4 gnolls
  An ufetubus (D:6)
  2 worms (D:2)
  3 dart slugs
  7 orcs
  4 ball pythons
  5 endoplasms
  6 giant cockroaches
  7 goblins
  4 hobgoblins
  10 kobolds
  2 quokkas
  5 bats
  3 frilled lizards (D:1)
  4 rats
76 creatures vanquished.

Vanquished Creatures (others)
  6 fungi (D:2)
  6 plants (D:2)
12 creatures vanquished.

Grand Total: 88 creatures vanquished

Notes
Turn   | Place    | Note
-------+----------+-------------------------------------------
     0 | D:1      | LobsterGuardian the Demonspawn Venom Mage began the quest
                  | for the Orb.
     0 | D:1      | Reached XP level 1. HP: 13/13 MP: 3/3
    50 | D:1      | Reached skill level 1 in Transmutations
    63 | D:1      | Gained mutation: You have a pair of small antennae on your
                  | head. [demonic ancestry]
    63 | D:1      | Reached XP level 2. HP: 14/19 MP: 1/5
   419 | D:1      | Learned a level 2 spell: Poisonous Vapours
   728 | D:1      | Reached XP level 3. HP: 20/24 MP: 2/6
  1116 | D:2      | Found a faded altar of an unknown god.
  1231 | D:2      | Learned a level 3 spell: Mephitic Cloud
  1709 | D:2      | Reached XP level 4. HP: 25/30 MP: 4/8
  2665 | D:3      | Gained mutation: You may rarely emit foul miasma when
                  | damaged in melee. [demonic ancestry]
  2665 | D:3      | Reached XP level 5. HP: 30/36 MP: 5/10
  2949 | D:4      | Noticed a phantom
  2958 | D:3      | Learned a level 4 spell: Olgreb's Toxic Radiance
  3373 | D:4      | Noticed a phantom
  3646 | D:5      | Entered Level 5 of the Dungeon
  3646 | D:5      | You fall into a shaft and drop 1 floor!
  3740 | D:6      | Reached XP level 6. HP: 26/42 MP: 6/12
  3892 | D:6      | Learned a level 3 spell: Spider Form
  4030 | D:5      | Killed from afar by an orc priest

Illustrated notes

Levels and vault maps discovered:
D:1:      nagdon_arrival_zigzag_paths, layout_basic
D:2:      layout_basic, dreamdust_ecumenical_altar_grove
D:3:      layout_rooms
D:4:      layout_cave_pools, mainiacjoe_overflow_alcove_1
D:5:      layout_rooms, portal_sewer_entry_d
D:6:      layout_rooms, fedhas_ov_isle_minmay, uniq_pikel

Skill      XL: |  1  2  3  4  5 |
---------------+----------------+-----
Transmutations | 1 2 |  2.5
Spellcasting   | 3 4 |  4.8
Dodging        | 2 |  2.2
Poison Magic   | 4 |  4.2
Fighting       | |  0.8
Short Blades   | |  0.7
Armour         | |  0.1
Stealth        | |  1.7
Air Magic      | |  0.2

Action                     |  1- 3 |  4- 6 || total
---------------------------+-------+-------++-------
  Melee: Unarmed           |     9 |       ||     9
         Dagger            |    23 |    63 ||    86
         Punch             |     1 |       ||     1
   Cast: Sting             |    65 |    90 ||   155
         Poisonous Vapours |     2 |     5 ||     7
         Mephitic Cloud    |       |     2 ||     2
         Olgreb's Toxic Ra |       |     1 ||     1
    Use: Scroll            |     2 |    10 ||    12
         Potion            |       |     3 ||     3
   Stab: Sleeping          |       |     1 ||     1
 Armour: Robe              |     7 |    25 ||    32
         Leather armour    |       |     2 ||     2
  Dodge: Dodged            |    26 |    87 ||   113

Table legend: (Time is in decaauts)
 A = Elapsed time spent in this place.
 B = Non-inter-level travel time spent in this place.
 C = Inter-level travel time spent in this place.
 D = Time resting spent in this place.
 E = Time spent auto-exploring this place.
 F = Levels seen in this place.
 G = Mean time per level.
                   A        B        C        D        E       F      G
               +--------+--------+--------+--------+--------+-----+--------+
         Total |   4040 |   3790 |    250 |    233 |   2724 |   6 |  673.3 |
       Dungeon |   4040 |   3790 |    250 |    233 |   2724 |   6 |  673.3 |
               +--------+--------+--------+--------+--------+-----+--------+

Top non-repeatable levels by time:
     D:2: 1212 daAuts
     D:3: 1100 daAuts
     D:1: 947 daAuts
     D:4: 391 daAuts
     D:6: 263 daAuts
     D:5: 126 daAuts
